 Dungeon Crawl Stone Soup version 0.25-a0-544-gee0576305d (webtiles) character file.

Game seed: 2407278723169445252, levelgen mode: deterministic

969 vurker the Gusty (level 7, 33/33 HPs)
             Began as a Felid Air Elementalist on Feb 20, 2020.
             Quit the game on level 6 of the Dungeon.
             The game lasted 00:09:25 (9936 turns).

vurker the Gusty (Felid Air Elementalist)           Turns: 9936, Time: 00:09:25

Health: 33/33      AC:  2    Str:  4    XL:     7   Next: 94%
Magic:  27/27      EV: 18    Int: 19    God:
Gold:   293        SH:  0    Dex: 16    Spells: 10/20 levels left
                                        Lives:  0   Deaths: 2

rFire    . . .     SeeInvis +   (weapon unavailable)
rCold    . . .     Gourm    .   (shield unavailable)
rNeg     . . .     Faith    .   (armour unavailable)
rPois    .         Spirit   .   (helmet unavailable)
rElec    .         Reflect  .   (cloak unavailable)
rCorr    .         Harm     .   (gloves unavailable)
MR       ++...                  (boots unavailable)
Stlth    +++.......             (no amulet)
HPRegen  0.11/turn              l - ring of magical power
MPRegen  0.20/turn              p - ring of protection from magic

@: quick
A: very small, no armour, no weapons or thrown items, stealth, claws 1, fangs 3,
see invisible, carnivore, speed 1, shaggy fur 2, slow metabolism 1, sharp paws
a: no special abilities


You were on level 6 of the Dungeon.
You were completely stuffed.

You visited 2 branches of the dungeon, and saw 7 of its levels.

You collected 293 gold pieces.

Inventory:

Jewellery
 l - a ring of magical power (left paw)
   (You found it on level 2 of the Dungeon)
 o - an uncursed ring of protection from cold
   (You found it on level 3 of the Dungeon)
 p - a ring of protection from magic (right paw)
   (You found it on level 3 of the Dungeon)
Wands
 t - a wand of flame (21)
   (You found it on level 5 of the Dungeon)
Scrolls
 a - 2 scrolls of amnesia {unknown}
 d - a scroll of blinking {unknown}
 f - 3 scrolls of identify {unknown}
 i - 2 scrolls of random uselessness {unknown}
 j - a scroll of noise {unknown}
 n - 2 scrolls of teleportation {unknown}
 q - 3 scrolls of fear {unknown}
 s - 5 scrolls of remove curse {unknown}
 u - a scroll of enchant weapon {unknown}
 w - 2 scrolls of immolation {unknown}
Potions
 b - 3 potions of might {unknown}
 c - 3 potions of curing {unknown}
 g - 2 potions of lignification {unknown}
 h - 2 potions of magic {unknown}
 k - a potion of brilliance {unknown}
 m - a potion of berserk rage {unknown}
 r - a potion of invisibility {unknown}
 v - a potion of heal wounds {unknown}
 x - a potion of flight {unknown}
Comestibles
 e - 12 rations
 z - 2 chunks of flesh


   Skills:
 + Level 4.9 Fighting
 - Level 2.6 Dodging
 - Level 2.6 Stealth
 * Level 7.0 Spellcasting
 + Level 4.6 Conjurations
 * Level 7.2 Air Magic


You had 10 spell levels left.
You knew the following spells:

 Your Spells              Type           Power        Failure   Level  Hunger
a - Shock                 Conj/Air       ####         1%          1    None
b - Lightning Bolt        Conj/Air       ####......   24%         5    #####..
c - Airstrike             Air            ####......   4%          4    ###....

Your spell library contained the following spells:

 Spells                   Type           Power        Failure   Level  Hunger
 Static Discharge         Conj/Air       ####....     2%          3    #......
 Swiftness                Chrm/Air       ###.....     3%          2    None


Dungeon Overview and Level Annotations

Branches:
Dungeon (6/15)             Temple (1/1) D:4

Altars:
Ashenzari
Cheibriados
Elyvilon
Fedhas
Gozag
Hepliaklqana
Kikubaaqudgha
Makhleb
Nemelex Xobeh
Okawaru
Qazlal
Ru
Sif Muna
Trog
Uskayaw
Vehumet
Wu Jian
Xom
Yredelemnul
Zin
The Shining One

Shops:
D:4 %

Annotations:
D:6 2 transporters


Innate Abilities, Weirdness & Mutations

You cannot wear armour.
You are incapable of wielding weapons or throwing items.
Your paws allow you to move quietly. (Stealth)
You have sharp claws.
You have razor-sharp teeth.
You have supernaturally acute eyesight. (SInv)
You are carnivorous and can eat meat at any time.
You cover ground quickly.
You are covered in thick fur. (AC +2)
You have a slow metabolism.
Your sharp claws are effective at attacking unaware monsters.


Message History

Aim: a gnoll sergeant, wielding a +0 trident and wearing a +0 scale mail The air twists around and strikes the gnoll sergeant!
There are monsters nearby!
Aim: a gnoll sergeant, wielding a +0 trident and wearing a +0 scale mail (moderately wounded)
The air twists around and strikes the gnoll sergeant!
There are monsters nearby!
Aim: a gnoll sergeant, wielding a +0 trident and wearing a +0 scale mail (severely wounded)
The air twists around and strikes the gnoll sergeant!
You kill the gnoll sergeant!
Your Spellcasting skill increases to level 7!
Aim: a gnoll The zap hits the gnoll.
Aim: a gnoll (moderately wounded)
The zap hits the gnoll!
Aim: a gnoll (almost dead)
The zap misses the gnoll.
Aim: a gnoll (almost dead)
The zap hits the gnoll!
You kill the gnoll!
You can't see any susceptible monsters within range! (Use Z to cast anyway.) Key pressed, stopping explore.
You can't see any susceptible monsters within range! (Use Z to cast anyway.)
Found a ration.
Found a stone staircase leading up.
Found the -2 hat of the Alchemist {rElec rPois rF+ rC+ rN+ MR+ rMut rCorr}.
Found 22 sling bullets.
Things that are here:
a +0 trident; a +0 scale mail You butcher the leopard gecko corpse.
z - a chunk of flesh You see here a leopard gecko skeleton. x2
Eating a chunk of flesh.
You eat the chunk of flesh.
This raw flesh tastes great.
Things that are here:
a +0 spear; a gnoll corpse You butcher the gnoll corpse.
z - 4 chunks of flesh
Things that are here:
a +0 spear; a gnoll skeleton
Things that are here:
a +0 spear; a gnoll skeleton Eating one of 4 chunks of flesh.
You eat one of the 4 chunks of flesh.
This raw flesh tastes great.
Eating one of 3 chunks of flesh.
You eat one of the 3 chunks of flesh.
This raw flesh tastes great.
e - 12 rations (gained 1) Partly explored, unvisited transporter.
Partly explored, unvisited transporter.
Partly explored, unvisited transporter.
Partly explored, unvisited transporter.
Partly explored, unvisited transporter.

....)......(...#
##........#(...###
#........#(.....#
##...............#
#.......######...#
..#######
####..###### .##
##..........## ##
##............##
#......@.).....#
#..............#
#<......รท..)...#
#...........)..#
#.............[#
##............##
##.(........##
############


There were no monsters in sight!

Vanquished Creatures
  A gargoyle (D:6)
  Grinder (D:4)
  Sigmund (D:3)
  An ice beast (D:5)
  3 ogres
  5 centaurs
  2 bullfrogs (D:6)
  A water moccasin zombie (D:5)
  A gnoll sergeant (D:6)
  A bullfrog zombie (D:5)
  A centaur zombie (D:6)
  A jelly (D:6)
  4 orc priests
  A hound (D:4)
  A bullfrog skeleton (D:5)
  2 centaur skeletons
  3 orc wizards
  Crazy Yiuf (D:4)
  6 worker ants
  A killer bee zombie (D:6)
  A howler monkey skeleton (D:4)
  10 gnolls
  9 adders
  3 worms
  2 dart slugs
  10 leopard geckos
  21 orcs
  2 ball pythons
  5 giant cockroaches
  7 goblins
  9 hobgoblins
  18 jackals
  4 kobolds
  5 quokkas
  8 bats
  3 frilled lizards
  A giant cockroach zombie (D:5)
  A jackal skeleton (D:5)
  A leopard gecko zombie (D:5)
  A quokka skeleton (D:4)
  A quokka zombie (D:6)
  6 rats
166 creatures vanquished.

Vanquished Creatures (others)
  A bush (D:5)
1 creature vanquished.

Grand Total: 167 creatures vanquished

Notes
Turn   | Place    | Note
-------+----------+-------------------------------------------
     0 | D:1      | vurker the Felid Air Elementalist began the quest for the
                  | Orb.
     0 | D:1      | Reached XP level 1. HP: 7/7 MP: 4/4
    55 | D:1      | Reached skill level 1 in Conjurations
   332 | D:1      | Reached XP level 2. HP: 11/11 MP: 0/6
  1209 | D:1      | Reached XP level 3. HP: 15/15 MP: 1/7
  1433 | D:2      | Reached skill level 1 in Fighting
  1695 | D:2      | Found a white marble altar of Elyvilon.
  1935 | D:2      | Reached XP level 4. HP: 19/19 MP: 2/9
  2956 | D:3      | Noticed Sigmund
  3202 | D:3      | Reached XP level 5. HP: 18/22 MP: 10/10
  3398 | D:3      | Found a sacrificial altar of Ru.
  3416 | D:3      | Killed Sigmund
  3416 | D:3      | Gained mutation: You are covered in thick fur. (AC +2)
                  | [Felid growth]
  3416 | D:3      | Reached XP level 6. HP: 17/26 MP: 11/12
  3563 | D:3      | Learned a level 5 spell: Lightning Bolt
  3568 | D:3      | Learned a level 4 spell: Airstrike
  4112 | D:4      | Found Saliull's Food Shop.
  4570 | D:4      | Noticed Grinder
  4591 | D:4      | Killed Grinder
  4591 | D:4      | Reached skill level 5 in Air Magic
  4591 | D:4      | Reached XP level 7. HP: 26/31 MP: 14/14
  4968 | D:4      | Found a staircase to the Ecumenical Temple.
  4976 | Temple   | Entered the Ecumenical Temple
  5323 | D:4      | Found an ornate altar of the Wu Jian Council.
  5594 | D:4      | Reached skill level 5 in Spellcasting
  6341 | D:4      | Found a runed translucent door.
  6342 | D:4      | Noticed Crazy Yiuf
  6431 | D:4      | Killed Crazy Yiuf
  6672 | D:4      | Found a staircase to the Ecumenical Temple.
  6678 | D:4      | Found an ornate altar of the Wu Jian Council.
  6679 | D:4      | Reached XP level 8. HP: 34/34 MP: 16/16
  6734 | D:4      | Found Saliull's Food Shop.
  7408 | D:5      | Entered Level 5 of the Dungeon
  8939 | D:6      | Shot with an arrow by a centaur
  8940 | D:6      | Reached XP level 7. HP: -2/33 MP: 1/26
  8949 | D:6      | Found a transporter.
  9056 | D:6      | Found a transporter.
  9067 | D:6      | Reached XP level 8. HP: 36/36 MP: 18/18
  9282 | D:6      | Noticed a gargoyle
  9286 | D:6      | Killed a gargoyle
  9326 | D:6      | HP: 1/36 [killer bee zombie (3)]
  9329 | D:6      | Slain by a killer bee zombie
  9330 | D:6      | Reached XP level 7. HP: -5/33 MP: 3/27
  9488 | D:6      | Found a snail-covered altar of Cheibriados.
  9556 | D:6      | Found a shimmering blue altar of Sif Muna.
  9558 | D:6      | Found a radiant altar of Vehumet.
  9558 | D:6      | Found an opulent altar of Gozag.
  9559 | D:6      | Found a basalt altar of Yredelemnul.
  9916 | D:6      | Found the -2 hat of the Alchemist {rElec rPois rF+ rC+ rN+
                  | MR+ rMut rCorr}
  9936 | D:6      | Quit the game

Levels and vault maps discovered:
D:1:      psy_arrival_statuary, layout_basic
D:2:      layout_basic, nicolae_overflow_crystal_walls, first_ration,
          minmay_close_crescents
D:3:      layout_basic, nicolae_overflow_hidden_temple,
          minmay_tree_intersection, uniq_sigmund
D:4:      layout_basic, lemuel_crystal_altar,
          minmay_temple_entry_gardened_gates, serial_shops, shop_fountains,
          uniq_crazy_yiuf_cottage, uniq_grinder
D:5:      layout_rooms, kennysheep_another_room, kb_lookout_dungeons_type
D:6:      gammafunk_steamed_eel, layout_rooms, minitemple
Temple:   oiseaux_autumnal_temple

Skill      XL: |  1  2  3  4  5  6  7  8 |
---------------+-------------------------+-----
Conjurations   | 1 2 3 4 |  4.6
Air Magic      | 3 4 5 7 |  7.2
Fighting       | 1 2 3 4 |  4.9
Spellcasting   | 3 4 7 6 |  7.0
Dodging        | |  2.6
Stealth        | |  2.6

Action                   |  1- 3 |  4- 6 |  7- 9 || total
-------------------------+-------+-------+-------++-------
Melee: Unarmed           |    20 |     2 |     8 ||    30
 Cast: Shock             |    81 |   168 |    37 ||   286
       Airstrike         |       |     2 |   113 ||   115
Evoke: Wand              |       |       |     2 ||     2
  Eat: Chunk             |    10 |     5 |    34 ||    49
Armor: Skin              |     4 |     2 |     4 ||    10
Dodge: Dodged            |    41 |    42 |    35 ||   118

Table legend:
 A = Non-vault XP
 B = Vault XP
 C = Vault XP percentage of total XP
 D = Non-vault monster count
 E = Vault monster count
 F = Vault count percentage of total count
                 A         B        C        D         E       F
            +---------+---------+-------+---------+---------+-------
      Total |    3022 |     641 |  17.5 |     156 |      10 |   6.0
            +---------+---------+-------+---------+---------+-------
        D:1 |      44 |       0 |   0.0 |      22 |       0 |   0.0
        D:2 |     105 |      13 |  11.0 |      25 |       6 |  19.4
        D:3 |      75 |     223 |  74.8 |      23 |       1 |   4.2
        D:4 |     673 |     297 |  30.6 |      33 |       2 |   5.7
        D:5 |     725 |     108 |  13.0 |      26 |       1 |   3.7
        D:6 |    1400 |       0 |   0.0 |      27 |       0 |   0.0
            +---------+---------+-------+---------+---------+-------
